AoeStats
← Wildfel

Arabia

510855699Analyzed
1v1 RM · 12h ago on Oct 2, 2026· 30m 0s· 2 players
Game mode
Random Map
Map size
Tiny (2 player)
Population
200
Speed
Normal
Resources
Standard
Victory
Conquest
Starting age
Dark Age
Ending age
Imperial Age
RankedLock teamsTeams togetherTeam positionsShared explorationLock speedFull tech treeHidden civsTurbo modeCheats
Victory
Defeat
🇦🇷 Inca · Argentina
1534
+18
🇦🇷 Magyars · Argentina
1574
-18
hallvaror_1927
6:19 Loom
8:51 Feudal Age
9:22 Double-Bit Axe
9:56 Champi Runner
13:44 Horse Collar
19:16 Castle Age
18:11 Scale Mail Armor
20:02 Champi Warrior
22:24 Chain Mail Armor
23:07 Arson
27:29 Forging
28:33 Heavy Plow
29:21 Iron Casting
29:05 Bow Saw
29:14 Bow Saw
29:15 Squires
Wildfel
6:16 Loom
8:28 Feudal Age
8:57 Double-Bit Axe
19:23 Wheelbarrow
23:34 Castle Age
23:38 Scale Barding Armor
24:39 Bow Saw
24:47 Bloodlines
25:29 Bloodlines
Connection lost

Rejoining the realm…

Still unreachable

The connection could not be restored.

Session expired

The server has moved on; the page needs a fresh start.